 Dungeon Crawl Stone Soup version 0.28-a0-533-g9f97627e2a (webtiles) character file.

Game seed: 8241129584001366874

926 knot the Chopper (level 7, 0/78 HPs)
             Began as a Demonspawn Berserker on Sept 25, 2021.
             Was a Believer of Trog.
             Slain by a bullfrog (4 damage)
             ... on level 4 of the Dungeon.
             The game lasted 00:05:38 (3491 turns).

knot the Chopper (Demonspawn Berserker)             Turns: 3491, Time: 00:05:39

Health: 0/78       AC:  5    Str: 17    XL:     7   Next: 85%
Magic:  7/7        EV: 11    Int: 10    God:    Trog [**....]
Gold:   118        SH:  0    Dex: 13    Spells: 6/6 levels left

rFire   . . .      SeeInvis .   k - +2 hand axe (elec)
rCold   . . .      Faith    .   (no shield)
rNeg    . . .      Spirit   .   a - +0 leather armour
rPois   .          Reflect  .   (helmet restricted)
rElec   .          Harm     .   (no cloak)
rCorr   .          Rampage  .   f - +0 pair of gloves
Will    .....                   c - +0 pair of boots
Stlth   ..........              (no amulet)
HPRegen 0.23/turn               (no ring)
MPRegen 0.20/turn               (no ring)

@: berserking, very quick
A: antennae 1, powered by death 1, magic regeneration
a: Renounce Religion, Berserk, Trog's Hand


You were on level 4 of the Dungeon.
You worshipped Trog.
Trog was pleased with you.
You visited 1 branch of the dungeon, and saw 4 of its levels.

You collected 118 gold pieces.

Inventory:

Hand Weapons
 i - a +0 war axe
 k - a +2 hand axe of electrocution (weapon)
Missiles
 d - 95 stones
 q - 19 poisoned darts (quivered)
 u - 6 javelins
Armour
 a - a +0 leather armour (worn)
 c - a +0 pair of boots (worn)
 f - a +0 pair of gloves (worn)
Magical Staves
 p - a staff of earth
Jewellery
 n - an amulet of magic regeneration
Wands
 o - a wand of paralysis (2)
Scrolls
 b - 3 scrolls of magic mapping {unknown}
 g - a scroll of summoning {unknown}
 j - a scroll of holy word {unknown}
 l - a scroll of teleportation {unknown}
 r - 3 scrolls of identify {unknown}
 s - a scroll of immolation {unknown}
 v - a scroll of fog {unknown}
Potions
 e - a potion of flight {unknown}
 h - a potion of lignification {unknown}
 m - 2 potions of haste {unknown}
 t - a potion of curing {unknown}


   Skills:
 - Level 3.0 Fighting
 * Level 6.8 Axes
 * Level 5.1 Throwing
 - Level 1.7 Armour
 - Level 1.7 Dodging


You had 6 spell levels left.
You didn't know any spells.
Your spell library contained the following spells:

 Spells                   Type           Power      Damage    Failure   Level
 Ozocubu's Armour         Ice            0%         N/A       80%         3
 Ozocubu's Refrigeration  Ice            0%         4d5       100%        7


Dungeon Overview and Level Annotations

Branches:
Dungeon (4/15)
 Temple: D:4-7

Altars:

Shops:
D:4 [


Innate Abilities, Weirdness & Mutations

You have a pair of small antennae on your head.
You regenerate a little health from kills.
You regenerate magic rapidly.


Message History

The bullfrog closely misses you.
You closely miss the bullfrog.
The bullfrog is moderately wounded.
The bullfrog barely misses you. The bullfrog hits you.
You barely miss the bullfrog.
The bullfrog is moderately wounded.
You hit the jelly.
Your hands burn!
The bullfrog hits you but does no damage.
The jelly hits you.
You are splashed with acid.
You closely miss the bullfrog.
The bullfrog is moderately wounded.
You slash the jelly!
Your hands burn!
The bullfrog hits you. The jelly misses you.
You slash the jelly!
You kill the jelly!
Trog accepts your kill.
You closely miss the bullfrog. The bullfrog hits you! The bullfrog misses you.
You are too injured to fight recklessly!
You are too injured to fight recklessly!
You are too injured to fight recklessly!
You are too injured to fight recklessly!
You closely miss the bullfrog.
The bullfrog is moderately wounded.
The bullfrog barely misses you.
You hit the bullfrog.
The bullfrog is heavily wounded.
The bullfrog hits you. x2
* * * LOW HITPOINT WARNING * * *
You closely miss the bullfrog.
The bullfrog is heavily wounded.
The bullfrog hits you.
* * * LOW HITPOINT WARNING * * *
You hit the bullfrog.
The bullfrog is severely wounded.
The bullfrog hits you!
* * * LOW HITPOINT WARNING * * *
A red film seems to cover your vision as you go berserk!
You feel yourself moving faster!
You feel mighty! The bullfrog closely misses you. The bullfrog hits you.
You die...

#.......# #.......
....... ..... .... #..##
#F..# #@#.# #.#.# ####
#######.#.###########...
........................
#######.#..##......##...
#.#..##......#####
#.#...#......####
..#.#.###.......#
###.#..##.......#


You could see a bullfrog.

Vanquished Creatures
  4 yaks (D:4)
  2 scorpions
  A hound (D:2)
  2 jellies
  Terence (D:2)
  A hound skeleton (D:3)
  5 adders
  3 worms
  9 endoplasms
  9 goblins
  3 hobgoblins
  A quokka (D:2)
  3 ball pythons
  3 bats
  4 frilled lizards
  7 kobolds
  2 rats
60 creatures vanquished.

Notes
Turn   | Place    | Note
-------+----------+-------------------------------------------
     0 | D:1      | knot the Demonspawn Berserker began the quest for the Orb.
     0 | D:1      | Reached XP level 1. HP: 18/18 MP: 1/1
    77 | D:1      | Reached skill level 3 in Axes
   439 | D:1      | Gained mutation: You regenerate a little health from kills.
                  | [demonic ancestry]
   439 | D:1      | Reached XP level 2. HP: 24/24 MP: 2/2
   794 | D:1      | Found a faded altar of an unknown god.
  1247 | D:2      | Reached skill level 4 in Axes
  1247 | D:2      | Gained mutation: You regenerate magic rapidly. [demonic
                  | ancestry]
  1247 | D:2      | Reached XP level 3. HP: 26/29 MP: 3/3
  1417 | D:2      | Reached XP level 4. HP: 35/35 MP: 4/4
  1959 | D:2      | Noticed Terence
  1981 | D:2      | Killed Terence
  1982 | D:2      | Reached skill level 1 in Throwing
  2422 | D:3      | Reached XP level 5. HP: 41/41 MP: 5/5
  2471 | D:3      | Reached ** piety under Trog
  2964 | D:4      | Found Ydem's Armour Shop.
  2978 | D:3      | Reached skill level 5 in Axes
  3186 | D:4      | Gained mutation: You have a pair of small antennae on your
                  | head. [demonic ancestry]
  3186 | D:4      | Reached XP level 6. HP: 43/47 MP: 6/6
  3259 | D:4      | Noticed a yak
  3260 | D:4      | Noticed a yak
  3260 | D:4      | Noticed a yak
  3260 | D:4      | Noticed a yak
  3272 | D:4      | Killed a yak
  3277 | D:4      | Killed a yak
  3278 | D:4      | Reached skill level 6 in Axes
  3278 | D:4      | Reached XP level 7. HP: 49/52 MP: 7/7
  3279 | D:4      | Killed a yak
  3279 | D:4      | Killed a yak
  3280 | D:4      | Reached skill level 5 in Throwing
  3491 | D:4      | Slain by a bullfrog

Illustrated notes

Levels and vault maps discovered:
D:1:      saegor_arrival_simple_a, layout_loops_ring,
          shapermc_ecumenical_altar_venn
D:2:      layout_rooms, uniq_terence
D:3:      layout_basic
D:4:      layout_basic, serial_shops, nicolae_shop_statue_plus

Skill      XL: |  1  2  3  4  5  6  7 |
---------------+----------------------+-----
Axes           | 3 4 5 6 |  6.8
Throwing       | 1 3 4 5 |  5.1
Fighting       | |  3.0
Armour         | |  1.7
Dodging        | |  1.7

Action                   |  1- 3 |  4- 6 |  7- 9 || total
-------------------------+-------+-------+-------++-------
Melee: Hand axe          |    40 |    60 |    25 ||   125
       War axe           |    26 |    15 |       ||    41
Throw: Stone             |    16 |    30 |       ||    46
       Dart              |       |     6 |     4 ||    10
Invok: Berserk           |     4 |     5 |     1 ||    10
 Stab: Sleeping          |     1 |       |       ||     1
Armor: Animal skin       |    15 |       |       ||    15
       Leather armour    |     9 |    20 |     2 ||    31
Dodge: Dodged            |    51 |    25 |     9 ||    85

Table legend: (Time is in decaauts)
 A = Elapsed time spent in this place.
 B = Non-inter-level travel time spent in this place.
 C = Inter-level travel time spent in this place.
 D = Time resting spent in this place.
 E = Time spent auto-exploring this place.
 F = Levels seen in this place.
 G = Mean time per level.
                   A        B        C        D        E       F      G
               +--------+--------+--------+--------+--------+-----+--------+
         Total |   3592 |   3456 |    136 |   1125 |   1804 |   4 |  898.0 |
       Dungeon |   3592 |   3456 |    136 |   1125 |   1804 |   4 |  898.0 |
               +--------+--------+--------+--------+--------+-----+--------+

Top non-repeatable levels by time:
     D:1: 1227 daAuts
     D:2: 1174 daAuts
     D:3: 821 daAuts
     D:4: 367 daAuts
